 Dungeon Crawl Stone Soup version 0.24.1 (webtiles) character file.

Game seed: 7471042513725218372, levelgen mode: deterministic

45 Destapler the Bolt Thrower (level 3, -10/22 HPs)
             Began as a Kobold Hunter on Mar 28, 2020.
             Shot with an arrow by a centaur (12 damage)
             ... on level 2 of the Dungeon.
             The game lasted 00:02:08 (335 turns).

Destapler the Bolt Thrower (Kobold Hunter)           Turns: 335, Time: 00:02:10

Health: -10/22     AC:  3    Str:  9    XL:     3   Next: 90%
Magic:  3/3        EV: 14    Int: 12    God:
Gold:   9          SH:  5    Dex: 16    Spells: 2/2 levels left

rFire    . . .     SeeInvis .   b - +1 hand crossbow
rCold    . . .     Gourm    .   i - +0 buckler
rNeg     . . .     Faith    .   c - +0 leather armour
rPois    .         Spirit   .   (no helmet)
rElec    .         Reflect  .   (no cloak)
rCorr    .         Harm     .   (no gloves)
MR       .....                  (no boots)
Stlth    +.........             (no amulet)
HPRegen  0.07/turn              (no ring)
MPRegen  0.08/turn              (no ring)

@: very slow
A: small, carnivore
a: no special abilities


You were on level 2 of the Dungeon.
You were completely stuffed.

You visited 1 branch of the dungeon, and saw 2 of its levels.

You collected 9 gold pieces.

Inventory:

Hand Weapons
 a - a +0 short sword
 b - a +1 hand crossbow (weapon)
Missiles
 d - 17 bolts (quivered)
 g - a stone
Armour
 c - a +0 leather armour (worn)
 i - a +0 buckler (worn)
Scrolls
 j - 4 scrolls of identify {unknown}
 k - a scroll of fear {unknown}
 l - a scroll of enchant armour {unknown}
Potions
 e - a potion of haste {unknown}
Comestibles
 f - a ration
 h - 4 chunks of flesh


   Skills:
 - Level 2.5 Fighting
 - Level 5.0 Crossbows
 - Level 2.8 Dodging
 - Level 2.1 Stealth
 + Level 1.6 Shields


You had 2 spell levels left.
You didn't know any spells.
Your spell library was empty.

Dungeon Overview and Level Annotations

Branches:
Dungeon (1/15)

Altars:


Innate Abilities, Weirdness & Mutations

You are small and have problems with some larger weapons.
You are carnivorous and can eat meat at any time.


Message History

Found a faded altar of an unknown god.
A frilled lizard comes into view.
The frilled lizard hisses angrily.
You hear a shout!
A centaur comes into view.
You see here a bolt.
The centaur wields a +0 shortbow.
The centaur shoots an arrow.
The arrow barely misses you.
The centaur shoots an arrow.
The arrow misses you.
The centaur shoots an arrow.
The arrow hits you!
Ouch! That really hurt!
* * * LOW HITPOINT WARNING * * *
The centaur shoots an arrow.
The arrow closely misses you. The frilled lizard barely misses you.
You enter the shallow water.
Moving in this stuff is going to be slow.
A frilled lizard comes into view.
The frilled lizard hisses angrily.
The centaur shoots an arrow.
The arrow hits you!
Ouch! That really hurt!
You die...

...........÷..########.#.
........##.#........≈....
...###..##.......(..≈≈≈≈.
...# #..##..<.....≈≈≈≈≈≈≈
...# #..##.....(..≈c≈≈≈≈≈
.... .....(.$..(..≈≈≈≈≈≈≈
....##...#.#.###.≈≈≈≈≈.♣≈
.... ....#.....(l.≈≈≈._.≈
.....#.###@≈≈≈≈.♣≈≈
....l...≈≈≈≈≈≈≈≈
#.#.###.≈≈≈≈≈≈≈≈
#.≈≈≈≈≈≈≈≈ #≈.≈≈.≈≈.
#.....≈.. #.#....##
..#..#.#


You could see a centaur and 2 frilled lizards.

Vanquished Creatures
  Natasha (D:2)
  A dart slug (D:1)
  2 leopard geckos (D:1)
  3 bats
  2 giant cockroaches (D:1)
  2 jackals (D:1)
  A kobold (D:1)
  A quokka (D:2)
  A ball python (D:2)
  A frilled lizard (D:2)
  2 rats (D:1)
17 creatures vanquished.

Notes
Turn   | Place    | Note
-------+----------+-------------------------------------------
     0 | D:1      | Destapler the Kobold Hunter began the quest for the Orb.
     0 | D:1      | Reached XP level 1. HP: 12/12 MP: 1/1
    96 | D:1      | Reached XP level 2. HP: 18/18 MP: 2/2
   151 | D:1      | Reached skill level 5 in Crossbows
   263 | D:1      | You fall into a shaft and drop 1 floor!
   270 | D:2      | Noticed Natasha
   275 | D:2      | Noticed a crimson imp
   275 | D:2      | Killed Natasha
   275 | D:2      | Reached skill level 1 in Shields
   275 | D:2      | Reached XP level 3. HP: 22/22 MP: 3/3
   327 | D:2      | Found a faded altar of an unknown god.
   328 | D:2      | Noticed a centaur
   335 | D:2      | Shot with an arrow by a centaur

Levels and vault maps discovered:
D:1:      minmay_arrival_up_and_down, layout_loops_ring, minmay_pentomino_t4
D:2:      layout_basic, old_standard_altar, chequers_ecumenical_altar_island,
          first_ration, uniq_natasha

Skill      XL: |  1  2 |
---------------+-------+-----
Crossbows      | 5 |  5.0
Stealth        | 2 |  2.1
Shields        | 1 |  1.6
Fighting       | |  2.5
Dodging        | |  2.8

Action                   || total
-------------------------++-------
Melee: Short sword       ||    18
 Fire: Hand crossbow     ||    35
  Eat: Chunk             ||     7
Armor: Leather armour    ||     3
Dodge: Dodged            ||    23
Block: Buckler           ||     4
